 Dungeon Crawl Stone Soup version 0.27-a0-1065-ge809cff456 (webtiles) character file.

Game seed: 14082914823275540952

5 robertstho the Sneak (level 1, -3/20 HPs)
             Began as a Minotaur Delver on Apr 22, 2021.
             Slain by a black bear (5 damage)
             ... on level 5 of the Dungeon.
             The game lasted 00:00:50 (275 turns).

robertstho the Sneak (Minotaur Delver)               Turns: 275, Time: 00:00:52

Health: -3/20      AC:  3    Str: 16    XL:     1   Next: 66%
Magic:  0/0        EV: 11    Int:  7    God:
Gold:   17         SH:  0    Dex: 11    Spells: 0/0 levels left

rFire    . . .     SeeInvis .   a - +0 hand axe
rCold    . . .     Faith    .   (no shield)
rNeg     . . .     Spirit   .   b - +0 leather armour
rPois    .         Reflect  .   (helmet restricted)
rElec    .         Harm     .   (no cloak)
rCorr    .         Rampage  .   (no gloves)
Will     .....                  (no boots)
Stlth    ++........             (no amulet)
HPRegen  0.06/turn              (no ring)
MPRegen  0.07/turn              (no ring)

@: no status effects
A: horns 2, retaliatory headbutt
a: no special abilities


You were on level 5 of the Dungeon.
You visited 1 branch of the dungeon, and saw 1 of its levels.

You collected 17 gold pieces.

Inventory:

Hand Weapons
 a - a +0 hand axe (weapon)
Armour
 b - a +0 leather armour (worn)
Jewellery
 i - an amulet of regeneration
Wands
 g - a wand of digging (3)
Scrolls
 c - a scroll of fog
 d - a scroll of magic mapping
 e - a scroll of fear
 h - 2 scrolls of immolation {unknown}
Potions
 f - a potion of haste


   Skills:
 * Level 3.7 Fighting
 + Level 2.4 Axes
 * Level 0.9 Armour
 + Level 2.2 Dodging
 + Level 4.2 Stealth


You couldn't memorise any spells.
You didn't know any spells.
Your spell library was empty.

Dungeon Overview and Level Annotations

Branches:
Dungeon (5/15)
 Temple: D:4-7

Altars:


Innate Abilities, Weirdness & Mutations

You have a pair of horns on your head.
You reflexively headbutt those who attack you in melee.


Message History

There is an open door here.
You see here a +0 dagger.
There is an open door here.
Found a pair of gloves.
You open the door.
There is an open door here.
You open the door.
There is an open door here.
You open the door.
There is an open door here.
You open the door.
There is an open door here.
i - an amulet of regeneration You open the door.
There is an open door here.
You open the door.
There is an open door here.
There is an open door here.
You open the door.
There is an open door here.
There is an open door here.
You now have 17 gold pieces.
There is an open door here.
You open the door.
There is an open door here.
A black bear comes into view.
A black bear is nearby!
A black bear is nearby!
The black bear growls angrily.
A quokka comes into view.
Found a glowing dark potion.
The black bear bites you. The black bear claws you.
The black bear claws you but does no damage.
You hit the black bear. You headbutt the black bear!
The black bear is heavily wounded.
The black bear closely misses you. The black bear claws you. x2
The black bear bites you!
* * * LOW HITPOINT WARNING * * *
The black bear claws you.
You die...

#...#....# #
#......#...#....# #
#......#...#....# #
#......#...#....# #
#.....!#...#....#####
+..r...#...'.........
##+#..... #...#.........
.......h###########.....
.......@#.........#.....
$.......#.........#.....
........#.......(.#.....
........#.......).#.....
........#+#######'#.....
######..................
#.... #.............#####
+.... #.............#...#
#.....#.............#...#


You could see a black bear and a quokka.

Vanquished Creatures
  2 orcs (D:5)
  A quokka (D:5)
3 creatures vanquished.

Notes
Turn   | Place    | Note
-------+----------+-------------------------------------------
     0 | D:5      | robertstho the Minotaur Delver began the quest for the Orb.
     0 | D:5      | Reached XP level 1. HP: 19/19 MP: 0/0
   270 | D:5      | Noticed a black bear
   275 | D:5      | Slain by a black bear

Illustrated notes

Levels and vault maps discovered:
D:5:      layout_gridville, serial_shops, shop_statue

Action                   || total
-------------------------++-------
Melee: Hand axe          ||     6
       Headbutt          ||     2
 Stab: Sleeping          ||     1
Armor: Leather armour    ||     1
Dodge: Dodged            ||     5

Table legend: (Time is in decaauts)
 A = Elapsed time spent in this place.
 B = Non-inter-level travel time spent in this place.
 C = Inter-level travel time spent in this place.
 D = Time resting spent in this place.
 E = Time spent auto-exploring this place.
 F = Levels seen in this place.
 G = Mean time per level.
                   A        B        C        D        E       F      G
               +--------+--------+--------+--------+--------+-----+--------+
         Total |    275 |    275 |      0 |      0 |    252 |   1 |  275.0 |
       Dungeon |    275 |    275 |      0 |      0 |    252 |   1 |  275.0 |
               +--------+--------+--------+--------+--------+-----+--------+

Top non-repeatable levels by time:
     D:5: 275 daAuts
